 Dungeon Crawl Stone Soup version 0.28-a0-1387-g3a22ab9bdc (webtiles) character file.

Game seed: 16481501566853610366

3 bladeefan the Skirmisher (level 1, -1/18 HPs)
             Began as a Demonspawn Fighter on Jan 2, 2022.
             Succumbed to a kobold's poison
             ... on level 1 of the Dungeon.
             The game lasted 00:00:42 (347 turns).

bladeefan the Skirmisher (Demonspawn Fighter)        Turns: 347, Time: 00:00:43

Health: -1/18      AC:  6    Str: 16    XL:     1   Next: 41%
Magic:  1/1        EV:  9    Int:  9    God:
Gold:   11         SH:  4    Dex: 12    Spells: 0/0 levels left

rFire   . . .      SeeInvis .   a - +0 flail
rCold   . . .      Faith    .   c - +0 buckler
rNeg    . . .      Spirit   .   b - +0 scale mail
rPois   .          Reflect  .   (no helmet)
rElec   .          Harm     .   (no cloak)
rCorr   .          Rampage  .   (no gloves)
Will    .....                   (no boots)
Stlth   ..........              (no amulet)
HPRegen 0.06/turn               (no ring)
MPRegen 0.07/turn               (no ring)

@: mighty, lethally poisoned (-1 -> -15)
A: no striking features
a: no special abilities


You were on level 1 of the Dungeon.
You visited 1 branch of the dungeon, and saw 1 of its levels.

You collected 11 gold pieces.

Inventory:

Hand Weapons
 a - a +0 flail (weapon)
Armour
 b - a +0 scale mail (worn)
 c - a +0 buckler (worn)
Scrolls
 e - a scroll of noise {unknown}


   Skills:
 + Level 3.0 Fighting
 * Level 1.9 Maces & Flails
 + Level 2.7 Armour
 + Level 2.7 Shields


You couldn't memorise any spells.
You didn't know any spells.
Your spell library was empty.

Dungeon Overview and Level Annotations

Branches:
Dungeon (1/15)

Altars:


Message History

A giant cockroach is nearby!
A giant cockroach is nearby!
A giant cockroach is nearby!
You barely miss the giant cockroach.
The giant cockroach bites you but does no damage. x2
Your unstable footing causes you to fumble your attack.
You block the giant cockroach's attack.
You hit the giant cockroach. The giant cockroach barely misses you.
You block the giant cockroach's attack.
You closely miss the giant cockroach. The giant cockroach closely misses you.
The giant cockroach bites you but does no damage.
You hit the giant cockroach but do no damage.
You block the giant cockroach's attack.
Your unstable footing causes you to fumble your attack.
The giant cockroach bites you. You block the giant cockroach's attack.
Your unstable footing causes you to fumble your attack.
You block the giant cockroach's attack.
The giant cockroach bites you but does no damage.
You hit the giant cockroach.
You kill the giant cockroach!
No target in view!
No target in view!
A kobold comes into view. It is wielding a +2 dagger of venom.
The kobold shouts!
The kobold moves out of view.
e - a scroll labelled VAZXES BAELA A kobold is nearby!
A kobold is nearby!
A kobold is nearby!
A kobold is nearby!
You enter the shallow water.
Moving in this stuff is going to be slow.
A spectral hobgoblin comes into view.
Your scale mail prevents you from hitting the kobold.
The kobold hits you with a +2 dagger of venom.
You are poisoned.
The kobold barely misses you.
You closely miss the kobold.
You feel very sick. The kobold hits you but does no damage.
You are lethally poisoned!
You hit the kobold but do no damage.
* * * LOW HITPOINT WARNING * * *
You feel very sick. The kobold hits you but does no damage.
You are more poisoned.
* * * LOW HITPOINT WARNING * * *
You feel very sick.
You feel very mighty all of a sudden.
You die...

## ## #≈≈ ≈.
.. .≈ ≈. #.#
.###≈ .≈ #≈.
..≈ ≈ ≈. #Z#
≈#≈# #K##
#≈≈#
#.@##+++##..#
#...≈≈≈.≈..#
#.#.######.#
#...#
#.#######.
......
#.#.......
#.###.##
#....# #. #.#
###..##### #
#.# #.......
### #.######


You could see a spectral hobgoblin and a kobold.

Vanquished Creatures
  An endoplasm (D:1)
  A giant cockroach (D:1)
  A kobold (D:1)
3 creatures vanquished.

Notes
Turn   | Place    | Note
-------+----------+-------------------------------------------
     0 | D:1      | bladeefan the Demonspawn Fighter began the quest for the
                  | Orb.
     0 | D:1      | Reached XP level 1. HP: 18/18 MP: 1/1
   347 | D:1      | Succumbed to a kobold's poison

Illustrated notes

Levels and vault maps discovered:
D:1:      psy_arrival_statuary, layout_loops_ring,
          dreamdust_ecumenical_altar_drowned_temple, chequers_big_river,
          minmay_crystal_room, hangedman_decor_diamond_cutter

Action                   || total
-------------------------++-------
Melee: Flail             ||    31
  Use: Potion            ||     1
Armor: Scale mail        ||    16
Dodge: Dodged            ||    10
Block: Buckler           ||     8

Table legend: (Time is in decaauts)
 A = Elapsed time spent in this place.
 B = Non-inter-level travel time spent in this place.
 C = Inter-level travel time spent in this place.
 D = Time resting spent in this place.
 E = Time spent auto-exploring this place.
 F = Levels seen in this place.
 G = Mean time per level.
                   A        B        C        D        E       F      G
               +--------+--------+--------+--------+--------+-----+--------+
         Total |    360 |    360 |      0 |      0 |    300 |   1 |  360.0 |
       Dungeon |    360 |    360 |      0 |      0 |    300 |   1 |  360.0 |
               +--------+--------+--------+--------+--------+-----+--------+

Top non-repeatable levels by time:
     D:1: 360 daAuts
